 Dungeon Crawl Stone Soup version 0.17-a0-2208-ge5ab1d3 (webtiles) character file.

19 fredomojojo the Shooter (level 2, 0/24 HPs)
             Began as a Centaur Hunter on Oct 26, 2015.
             Was an Initiate of Trog.
             Succumbed to an adder's poison
             ... on level 3 of the Dungeon.
             The game lasted 00:14:42 (886 turns).

fredomojojo the Shooter (Centaur Hunter)             Turns: 886, Time: 00:14:43

Health: 0/24       AC:  4    Str: 14    XL:     2   Next: 55%
Magic:  2/2        EV:  9    Int: 10    God:    Trog [......]
Gold:   122        SH:  0    Dex:  9    Spells: 0 memorised, 1 level left

rFire  . . .     SeeInvis .     a - +1 shortbow
rCold  . . .     Clarity  .     d - +0 leather armour
rNeg   . . .     SustAt   .     (no shield)
rPois  .         Gourm    .     (no helmet)
rElec  .         Spirit   .     (no cloak)
rCorr  .         Warding  .     (no gloves)
rMut   .         Stasis   .     (no barding)
MR     .....                    (no amulet)
Stlth  ..........               (no ring)
                                p - ring of loudness (curse)

@: lethally poisoned (0 -> -17), very quick, not resistant to hostile
enchantments, extremely unstealthy
A: hooves 3, deformed body, speed 2, tough skin 3
a: Burn Spellbooks, Renounce Religion


You were on level 3 of the Dungeon.
You worshipped Trog.
Trog was noncommittal.
You were not hungry.

You visited 1 branch of the dungeon, and saw 3 of its levels.

You collected 122 gold pieces.

Inventory:

Hand Weapons
 a - a +1 shortbow (weapon)
 c - a +0 short sword
 l - a +0 spear
 o - a +0 whip
Missiles
 b - 34 arrows (quivered)
 i - 35 stones
 m - 21 poisoned needles
Armour
 d - a +0 leather armour (worn)
 g - a +0 leather armour
 j - a +0 leather armour
Jewellery
 p - a cursed ring of loudness (left hand)
Potions
 k - a potion of degeneration
 n - a potion of curing
 q - a potion of ambrosia
 t - a potion of brilliance {unknown}
Comestibles
 e - 3 bread rations
 f - a meat ration
 r - 4 chunks of flesh
 s - a beef jerky


   Skills:
 + Level 2.0 Fighting
 + Level 6.2 Bows
 + Level 1.3 Dodging
 + Level 0.5 Stealth


You had one spell level left.
You didn't know any spells.

Dungeon Overview and Level Annotations

Branches:
Dungeon (3/15)

Altars:
Kikubaaqudgha
Trog


Innate Abilities, Weirdness & Mutations

You have hooves in place of feet.
Armour fits poorly on your strangely shaped body.
You cover ground very quickly.
You have extremely tough skin (AC +3).


Message History

* * * LOW HITPOINT WARNING * * *
You feel sick.
* * * LOW HITPOINT WARNING * * *
You feel sick.
* * * LOW HITPOINT WARNING * * *
You feel sick.
Firing (i - inventory. (,) - cycle):
b - 36 arrows (quivered)
Press: ? - help, Shift-Dir - straight line, f/p - adder
Aim: an adder (severely wounded)
You shoot an arrow. The arrow misses the adder.
* * * LOW HITPOINT WARNING * * *
You feel sick. The adder bites you.
* * * LOW HITPOINT WARNING * * *
You are more poisoned.
The adder poisons you!
Firing (i - inventory. (,) - cycle):
b - 35 arrows (quivered)
Press: ? - help, Shift-Dir - straight line, f/p - adder
Aim: an adder (severely wounded)
You shoot an arrow. The arrow closely misses the adder.
You die...

#### .(. ### #...
.(# ##.#.# #.#
#....(##.#####.#
##..#...........#
......###S######
##.......@######
#..............#
##
#..####........#
..#...###........#
....#..........#
#..#.#...[...>#
#.<#.#........#
#.............#
#..#.##########


You could see an adder.

Vanquished Creatures
  A giant gecko (D:3)
  5 bats
  3 goblins (D:1)
  3 hobgoblins
  A giant newt (D:1)
  2 kobolds
  4 rats
19 creatures vanquished.

Notes
Turn   | Place    | Note
--------------------------------------------------------------
     0 | D:1      | fredomojojo the Centaur Hunter began the quest for the Orb.
     0 | D:1      | Reached XP level 1. HP: 17/17 MP: 1/1
   135 | D:1      | Reached XP level 2. HP: 24/24 MP: 2/2
   229 | D:1      | Reached skill level 6 in Bows
   429 | D:2      | Found a faded altar to an unknown god.
   736 | D:2      | Found an ancient bone altar of Kikubaaqudgha.
   742 | D:2      | Found a bloodstained altar of Trog.
   759 | D:2      | Became a worshipper of Trog the Wrathful
   885 | D:3      | HP: 1/24 [adder (2)]
   886 | D:3      | Succumbed to an adder's poison

Vault maps used:
D:1:      saegor_arrival_miasma, hangedman_abyss_or_decor_lesser_grid
D:2:      minitemple, first_bread, ecumenical_altar_2
D:3:      nicolae_ru_the_path_less_chosen, minmay_misc_feat_tiny

Action                   || total
-------------------------++-------
 Fire: Shortbow          ||    57
  Use: Scroll            ||     6
